| TOP OF THE 1ST |
|
Detroit Tigers batting - Pitching for Houston Astros : LHP Kevin Rogers
|
|
Pitching: LHP Kevin Rogers
|
|
|
Batting: RHB Johandry Cortez
|
0-0: Called Strike 0-1: Fly out, F7 (Line Drive, 78M, EV 95.6 MPH)
|
|
Batting: RHB Orlando Arcia
|
0-0: Ball 1-0: Called Strike 1-1: SINGLE (Line Drive, 8LS, EV 105.6 MPH)
|
|
Batting: LHB Raúl González
|
0-0: Called Strike 0-1: Ball 1-1: Called Strike Orlando Arcia is caught stealing 2nd base 2-6 1-2: Foul Ball, location: 2F 1-2: Ball 2-2: Ground out 4-3 (Groundball, 4, EV 105.0 MPH)
|
| Top of the 1st over - 0 runs, 1 hit, 0 errors, 0 left on base; Detroit 0 - Houston 0 |
| BOTTOM OF THE 1ST |
|
Houston Astros batting - Pitching for Detroit Tigers : LHP Jon Dwight
|
|
Pitching: LHP Jon Dwight
|
|
|
Batting: RHB Lane Thomas
|
0-0: Called Strike 0-1: SINGLE (Groundball, 34D, EV 103.8 MPH)
|
|
Batting: LHB Claude Spears
|
0-0: Ball 1-0: Called Strike 1-1: Called Strike 1-2: Ball 2-2: Foul Ball, location: 2F 2-2: Ball 3-2: Fly out, F4 (Line Drive, 4D, EV 75.6 MPH) Lined into DP, 4-3 (Line Drive, 4D, EV 75.6 MPH)
|
|
Batting: LHB Devin Jones
|
0-0: Foul Ball, location: 25F 0-1: Fly out, F9 (Flyball, 9, EV 79.4 MPH)
|
| Bottom of the 1st over - 0 runs, 1 hit, 0 errors, 0 left on base; Detroit 0 - Houston 0 |
| TOP OF THE 2ND |
|
Detroit Tigers batting - Pitching for Houston Astros : LHP Kevin Rogers
|
|
Batting: RHB José Navarro
|
0-0: Ball 1-0: Ground out 2-3 (Groundball, 15S, EV 71.9 MPH)
|
|
Batting: RHB Al O'Mullan
|
0-0: Ball 1-0: Called Strike 1-1: Ball 2-1: Called Strike 2-2: Foul Ball, location: 3F 2-2: Ball 3-2: Fly out, F7 (Flyball, 7, EV 94.4 MPH)
|
|
Batting: SHB Breyvic Valera
|
0-0: Fly out, F9 (Flyball, 9LM, EV 96.3 MPH)
|
| Top of the 2nd over - 0 runs, 0 hits, 0 errors, 0 left on base; Detroit 0 - Houston 0 |
| BOTTOM OF THE 2ND |
|
Houston Astros batting - Pitching for Detroit Tigers : LHP Jon Dwight
|
|
Batting: RHB Starlin Castro
|
0-0: Ground out 4-3 (Groundball, 4MD, EV 96.9 MPH)
|
|
Batting: LHB Steve McGuire
|
0-0: Foul Ball, location: 7LMF 0-1: Foul Ball, location: 7LDF 0-2: Fly out, F8 (Flyball, 8RM, EV 80.6 MPH)
|
|
Batting: SHB Jeff Lowery
|
0-0: Called Strike 0-1: Fly out, F7 (Line Drive, 7, EV 100.0 MPH)
|
| Bottom of the 2nd over - 0 runs, 0 hits, 0 errors, 0 left on base; Detroit 0 - Houston 0 |
| TOP OF THE 3RD |
|
Detroit Tigers batting - Pitching for Houston Astros : LHP Kevin Rogers
|
|
Batting: RHB Johan Sala
|
0-0: Foul Ball, location: 2F 0-1: Fly out, F3 (Popup, 3L, EV 63.1 MPH)
|
|
Batting: RHB Devon Fisher
|
0-0: Swinging Strike 0-1: Ball 1-1: Foul Ball, location: 5SF 1-2: Ball 2-2: Ball 3-2: Strikes out swinging
|
|
Batting: RHB Dan Jackson
|
0-0: Called Strike 0-1: Foul Ball, location: 25FF 0-2: Strikes out swinging
|
| Top of the 3rd over - 0 runs, 0 hits, 0 errors, 0 left on base; Detroit 0 - Houston 0 |
| BOTTOM OF THE 3RD |
|
Houston Astros batting - Pitching for Detroit Tigers : LHP Jon Dwight
|
|
Batting: RHB Art Morrison
|
0-0: Called Strike 0-1: Called Strike 0-2: Ball 1-2: Fly out, F9 (Flyball, 89S, EV 84.4 MPH)
|
|
Batting: RHB Ed van Zandvliet
|
0-0: Ball 1-0: Ball 2-0: Ball 3-0: Base on Balls
|
|
Batting: RHB Bernard Antonelli
|
0-0: Ball 1-0: Called Strike 1-1: SINGLE (Line Drive, 56D, EV 96.9 MPH) Ed van Zandvliet to second
|
|
Batting: RHB Lane Thomas
|
0-0: Ball 1-0: Ball 2-0: Foul Ball, location: 23F 2-1: Ball 3-1: Swinging Strike 3-2: Base on Balls Ed van Zandvliet to third Bernard Antonelli to second
|
|
Batting: LHB Claude Spears
|
0-0: Ball 1-0: Ball 2-0: GRAND SLAM HOME RUN (Flyball, 9LD, EV 90.0 MPH), Distance : 334 ft
|
|
Batting: LHB Devin Jones
|
0-0: Fly out, F6 (Line Drive, 4MD, EV 61.9 MPH)
|
|
Batting: RHB Starlin Castro
|
0-0: Foul Ball, location: 2F 0-1: SINGLE (Groundball, 6MD, EV 85.0 MPH) (infield hit)
|
|
Batting: LHB Steve McGuire
|
0-0: Swinging Strike 0-1: Fielders Choice at 2nd, U6 (Groundball, 6M, EV 80.6 MPH)
|
| Bottom of the 3rd over - 4 runs, 3 hits, 0 errors, 1 left on base; Detroit 0 - Houston 4 |
| TOP OF THE 4TH |
|
Detroit Tigers batting - Pitching for Houston Astros : LHP Kevin Rogers
|
|
Batting: RHB Johandry Cortez
|
0-0: Called Strike 0-1: Ball 1-1: Foul Ball, location: 2F 1-2: Ball 2-2: Ball 3-2: Fly out, F4 (Line Drive, 4, EV 75.6 MPH)
|
|
Batting: RHB Orlando Arcia
|
0-0: Ball 1-0: Ball 2-0: Foul Ball, location: 9LSF 2-1: Ground out 6-3 (Groundball, 6M, EV 103.8 MPH)
|
|
Batting: LHB Raúl González
|
0-0: Foul Ball, location: 9LDF 0-1: SINGLE (Line Drive, 4D, EV 98.8 MPH)
|
|
Batting: RHB José Navarro
|
0-0: Called Strike 0-1: Ball 1-1: Ball 2-1: Fly out, F8 (Flyball, 89D, EV 93.8 MPH)
|
| Top of the 4th over - 0 runs, 1 hit, 0 errors, 1 left on base; Detroit 0 - Houston 4 |
| BOTTOM OF THE 4TH |
|
Houston Astros batting - Pitching for Detroit Tigers : LHP Jon Dwight
|
|
Batting: SHB Jeff Lowery
|
0-0: Ball 1-0: Ground out 5-3 (Groundball, 56S, EV 66.9 MPH)
|
|
Batting: RHB Art Morrison
|
0-0: Ball 1-0: Called Strike 1-1: Foul Ball, location: 9LMF 1-2: Foul Ball, location: 2F 1-2: Ball 2-2: Ball 3-2: Reached on error, E5 (Groundball, 56S, EV 80.6 MPH)
|
|
Batting: RHB Ed van Zandvliet
|
0-0: Ball 1-0: Foul Ball, location: 3FF 1-1: Ball 2-1: SINGLE (Groundball, 34D, EV 107.5 MPH) Art Morrison to second Runner from 2nd tries for 3rd, SAFE, throw by RF made to third Ed van Zandvliet to second
|
|
Batting: RHB Bernard Antonelli
|
0-0: Swinging Strike 0-1: Ball 1-1: Fly out, F7 (Flyball, 78M, EV 81.9 MPH) Runner from 3rd tags up, SCORES, no throw by LF
|
|
Pitching: RHP Kevin Clark
|
|
|
Batting: RHB Lane Thomas
|
0-0: Ball 1-0: Foul Ball, location: 2F 1-1: Called Strike 1-2: Strikes out swinging
|
| Bottom of the 4th over - 1 run, 1 hit, 1 error, 1 left on base; Detroit 0 - Houston 5 |
| TOP OF THE 5TH |
|
Detroit Tigers batting - Pitching for Houston Astros : LHP Kevin Rogers
|
|
Batting: RHB Al O'Mullan
|
0-0: Ground out 5-3 (Groundball, 56, EV 100.0 MPH)
|
|
Batting: SHB Breyvic Valera
|
0-0: Ball 1-0: Foul Ball, location: 7LMF 1-1: Ball 2-1: Foul Ball, location: 2F 2-2: Strikes out looking
|
|
Batting: RHB Johan Sala
|
0-0: Foul Ball, location: 3FF 0-1: Ball 1-1: Called Strike 1-2: Ball 2-2: Foul Ball, location: 25F 2-2: Ground out 5-3 (Groundball, 5S, EV 88.1 MPH)
|
| Top of the 5th over - 0 runs, 0 hits, 0 errors, 0 left on base; Detroit 0 - Houston 5 |
| BOTTOM OF THE 5TH |
|
Houston Astros batting - Pitching for Detroit Tigers : RHP Kevin Clark
|
|
Batting: LHB Claude Spears
|
0-0: Foul Ball, location: 2F 0-1: Foul Ball, location: 2F 0-2: Ball 1-2: Foul Ball, location: 2F 1-2: Ground out 5-3 (Groundball, 56, EV 91.9 MPH)
|
|
Batting: LHB Devin Jones
|
0-0: Called Strike 0-1: Ground out 6-3 (Groundball, 6, EV 99.4 MPH)
|
|
Batting: RHB Starlin Castro
|
0-0: Called Strike 0-1: Ground out U3 (Groundball, 34S, EV 86.9 MPH)
|
| Bottom of the 5th over - 0 runs, 0 hits, 0 errors, 0 left on base; Detroit 0 - Houston 5 |
| TOP OF THE 6TH |
|
Detroit Tigers batting - Pitching for Houston Astros : LHP Kevin Rogers
|
|
Batting: RHB Devon Fisher
|
0-0: Fly out, F7 (Flyball, 78M, EV 95.0 MPH)
|
|
Batting: RHB Dan Jackson
|
0-0: Ball 1-0: Ground out 6-3 (Groundball, 6MD, EV 95.0 MPH)
|
|
Batting: RHB Johandry Cortez
|
0-0: Ball 1-0: Foul Ball, location: 3DF 1-1: Foul Ball, location: 2F 1-2: SINGLE (Groundball, 5D, EV 106.3 MPH)
|
|
Batting: RHB Orlando Arcia
|
0-0: Foul Ball, location: 5DF 0-1: SINGLE (Line Drive, 8RS, EV 95.0 MPH) Johandry Cortez to second Runner from 2nd tries for 3rd, SAFE, throw by CF made to third
|
|
Batting: LHB Raúl González
|
0-0: Fly out, F7 (Flyball, 7D, EV 94.4 MPH)
|
| Top of the 6th over - 0 runs, 2 hits, 0 errors, 2 left on base; Detroit 0 - Houston 5 |
| BOTTOM OF THE 6TH |
|
Houston Astros batting - Pitching for Detroit Tigers : RHP Kevin Clark
|
|
Batting: LHB Steve McGuire
|
0-0: Ball 1-0: Ball 2-0: Called Strike 2-1: Foul Ball, location: 5F 2-2: Ground out 4-3 (Groundball, 4, EV 85.6 MPH)
|
|
Batting: SHB Jeff Lowery
|
0-0: Ball 1-0: Fly out, F9 (Flyball, 89M, EV 90.0 MPH)
|
|
Batting: RHB Art Morrison
|
0-0: Swinging Strike 0-1: Ground out 4-3 (Groundball, 6MD, EV 89.4 MPH)
|
| Bottom of the 6th over - 0 runs, 0 hits, 0 errors, 0 left on base; Detroit 0 - Houston 5 |
| TOP OF THE 7TH |
|
Detroit Tigers batting - Pitching for Houston Astros : LHP Kevin Rogers
|
|
Batting: RHB José Navarro
|
0-0: SINGLE (Groundball, 34D, EV 96.3 MPH)
|
|
Batting: RHB Al O'Mullan
|
0-0: Called Strike 0-1: Called Strike 0-2: Ball 1-2: Ball 2-2: Ball 3-2: Foul Ball, location: 2F 3-2: Foul Ball, location: 2F 3-2: Fielders Choice at 2nd, 4-6 (Groundball, 4, EV 86.9 MPH)
|
|
Batting: SHB Breyvic Valera
|
0-0: Ball 1-0: Foul Ball, location: 9LMF 1-1: Foul Ball, location: 9LDF 1-2: Foul Ball, location: 5FF 1-2: Ball 2-2: Foul Ball, location: 3FF 2-2: Strikes out swinging
|
|
Batting: RHB Johan Sala
|
0-0: Fielders Choice at 2nd, 5-4 (Groundball, 56, EV 85.0 MPH)
|
| Top of the 7th over - 0 runs, 1 hit, 0 errors, 1 left on base; Detroit 0 - Houston 5 |
| BOTTOM OF THE 7TH |
|
Houston Astros batting - Pitching for Detroit Tigers : RHP Kevin Clark
|
|
Batting: RHB Ed van Zandvliet
|
0-0: Called Strike 0-1: Swinging Strike 0-2: Strikes out swinging
|
|
Batting: RHB Bernard Antonelli
|
0-0: Ball 1-0: Ball 2-0: Swinging Strike 2-1: Called Strike 2-2: Ball 3-2: Base on Balls
|
|
Batting: RHB Lane Thomas
|
0-0: Ball Bernard Antonelli steals 2nd base (no throw) 1-0: Ground out 5-3 (Groundball, 56, EV 89.4 MPH) Bernard Antonelli to third
|
|
Batting: LHB Claude Spears
|
0-0: Ball 1-0: Ball 2-0: Ball 3-0: Called Strike 3-1: Foul Ball, location: 5FF 3-2: DOUBLE (Line Drive, 9LM, EV 110.6 MPH) Bernard Antonelli scores
|
|
Batting: LHB Devin Jones
|
0-0: Ball 1-0: Swinging Strike 1-1: Ball 2-1: DOUBLE (Line Drive, 7LD, EV 96.9 MPH) Claude Spears scores
|
|
Batting: RHB Starlin Castro
|
0-0: Ball 1-0: Called Strike 1-1: Reached on error, E5 (Groundball, 56, EV 78.8 MPH) Devin Jones to third
|
|
Batting: LHB Steve McGuire
|
0-0: Ball 1-0: Ball 2-0: Ball 3-0: Called Strike 3-1: Fly out, F9 (Flyball, 89M, EV 91.3 MPH)
|
| Bottom of the 7th over - 2 runs, 2 hits, 1 error, 2 left on base; Detroit 0 - Houston 7 |
| TOP OF THE 8TH |
|
Detroit Tigers batting - Pitching for Houston Astros : LHP Kevin Rogers
|
|
Batting: RHB Devon Fisher
|
0-0: Ball 1-0: Foul Ball, location: 2RF 1-1: SINGLE (Groundball, 6MD, EV 95.0 MPH)
|
|
Batting: RHB Dan Jackson
|
0-0: Ball 1-0: Ball 2-0: Foul Ball, location: 2F 2-1: Ball 3-1: Foul Ball, location: 23F 3-2: Base on Balls Devon Fisher to second
|
|
Pitching: RHP Elroy Smith
|
|
|
Batting: LHB Tad Johnson
|
0-0: Ball 1-0: Ball 2-0: Called Strike 2-1: Ball 3-1: Foul Ball, location: 3SF 3-2: Foul Ball, location: 5FF 3-2: Strikes out swinging
|
|
Batting: RHB Orlando Arcia
|
0-0: Called Strike 0-1: Foul Ball, location: 3F 0-2: SINGLE (Line Drive, 6MD, EV 98.1 MPH) Devon Fisher to third Dan Jackson to second
|
|
Batting: LHB Raúl González
|
0-0: Ball 1-0: Called Strike 1-1: Foul Ball, location: 9LSF 1-2: GRAND SLAM HOME RUN (Line Drive, 9D, EV 99.4 MPH), Distance : 384 ft
|
|
Pinch Hitting: LHB Dan Bradley
|
0-0: Ball 1-0: Ball 2-0: Ball 3-0: Called Strike 3-1: Fly out, F9 (Flyball, 9S, EV 88.1 MPH)
|
|
Batting: RHB Al O'Mullan
|
0-0: Foul Ball, location: 2F 0-1: Ball 1-1: Swinging Strike 1-2: Foul Ball, location: 2F 1-2: Foul Ball, location: 3SF 1-2: Ball 2-2: Ball 3-2: Foul Ball, location: 2F 3-2: Fly out, F7 (Flyball, 7D, EV 95.0 MPH)
|
| Top of the 8th over - 4 runs, 3 hits, 0 errors, 0 left on base; Detroit 4 - Houston 7 |
| BOTTOM OF THE 8TH |
|
Houston Astros batting - Pitching for Detroit Tigers : RHP Kevin Clark
|
|
Pitching: RHP Jimmy O'Molloy
|
|
|
Now at 1B: Dan Bradley
|
|
|
Batting: SHB Jeff Lowery
|
0-0: Ball 1-0: Ground out U3 (Groundball, 3, EV 105.6 MPH)
|
|
Batting: RHB Art Morrison
|
0-0: Ball 1-0: Foul Ball, location: 23F 1-1: Ball 2-1: Foul Ball, location: 2F 2-2: Strikes out looking
|
|
Batting: RHB Ed van Zandvliet
|
0-0: Ball 1-0: Called Strike 1-1: Swinging Strike 1-2: Strikes out swinging
|
| Bottom of the 8th over - 0 runs, 0 hits, 0 errors, 0 left on base; Detroit 4 - Houston 7 |
| TOP OF THE 9TH |
|
Detroit Tigers batting - Pitching for Houston Astros : RHP Elroy Smith
|
|
Pitching: RHP Jesús Mejía
|
|
|
Batting: SHB Breyvic Valera
|
0-0: Ball 1-0: Ball 2-0: SINGLE (Line Drive, 78S, EV 108.1 MPH)
|
|
Batting: RHB Johan Sala
|
0-0: Ball 1-0: SINGLE (Groundball, 34S, EV 91.3 MPH) (infield hit) Breyvic Valera to second
|
|
Pinch Hitting: RHB Chris Welch
|
0-0: Fly out, F9 (Flyball, 9D, EV 106.3 MPH)
|
|
Batting: RHB Dan Jackson
|
0-0: Ball 1-0: Ball 2-0: Swinging Strike 2-1: Ball 3-1: Base on Balls Breyvic Valera to third Johan Sala to second
|
|
Batting: LHB Tad Johnson
|
0-0: Called Strike 0-1: Swinging Strike 0-2: Strikes out swinging
|
|
Batting: RHB Orlando Arcia
|
0-0: Foul Ball, location: 2F 0-1: Foul Ball, location: 5FF 0-2: Ball 1-2: Strikes out swinging
|
| Top of the 9th over - 0 runs, 2 hits, 0 errors, 3 left on base; Detroit 4 - Houston 7 |
|